 Dungeon Crawl Stone Soup version 0.28-a0-1184-g53156a8862 (webtiles) character file.

Game seed: 6763662545096823944

1169 ytrimaz the Chopper (level 8, -6/62 HPs)
             Began as a Formicid Fighter on Dec 17, 2021.
             Mangled by an ogre (27 damage)
             ... on level 6 of the Dungeon.
             The game lasted 00:06:36 (6599 turns).

ytrimaz the Chopper (Formicid Fighter)              Turns: 6599, Time: 00:06:36

Health: -6/62      AC: 14    Str: 28    XL:     8   Next: 68%
Magic:  8/8        EV:  7    Int:  9    God:
Gold:   276        SH:  4    Dex: 10    Spells: 7/7 levels left

rFire   . . .      SeeInvis +   i - +0 broad axe
rCold   . . .      Faith    .   c - +0 buckler
rNeg    . . .      Spirit   .   p - +0 plate armour
rPois   .          Reflect  .   (helmet unavailable)
rElec   .          Harm     .   (no cloak)
rCorr   .          Rampage  .   e - +0 pair of gloves
Will    .....                   (no boots)
Stlth   ..........              (no amulet)
HPRegen 0.20/turn               m - +6 ring of strength
MPRegen 0.11/turn               k - ring of flight

@: flying
A: permanent stasis, dig shafts and tunnels, antennae 3, four strong arms
a: Dig, Shaft Self


You were on level 6 of the Dungeon.
You visited 1 branch of the dungeon, and saw 6 of its levels.

You collected 276 gold pieces.

Inventory:

Hand Weapons
 i - a +0 broad axe (weapon)
Missiles
 g - 2 throwing nets
 h - 3 boomerangs (quivered)
Armour
 c - a +0 buckler (worn)
 e - a +0 pair of gloves (worn)
 o - a +0 tower shield of protection
 p - a +0 plate armour (worn)
Jewellery
 k - a ring of flight (right hand)
 m - a +6 ring of strength (left hand)
Potions
 a - a potion of heal wounds
 d - a potion of degeneration {unknown}
 f - 2 potions of curing
 l - a potion of resistance
 n - a potion of cancellation {unknown}


   Skills:
 + Level 5.0 Fighting
 + Level 6.6 Axes
 * Level 3.1 Throwing
 * Level 6.3 Armour
 * Level 4.6 Shields


You had 7 spell levels left.
You didn't know any spells.
Your spell library contained the following spells:

 Spells                   Type           Power      Damage    Failure   Level
 Magic Dart               Conj           0%         1d3       99%         1
 Searing Ray              Conj           0%         2d4       99%         2
 Fulminant Prism          Conj/Hex       0%         3d6       100%        4


Dungeon Overview and Level Annotations

Branches:
Dungeon (6/15)
 Temple: D:4-7

Altars:
Elyvilon
Hepliaklqana
Vehumet


Innate Abilities, Weirdness & Mutations

You cannot be hasted, slowed, berserked, paralysed or teleported.
You can dig through walls and to a lower floor.
You have a pair of large antennae on your head. (SInv)
Your four strong arms can wield two-handed weapons with a shield.


Message History

The orc wizard is severely wounded.
The orc wizard hits you but does no damage. x2
An orc wizard is nearby!
Your plate armour prevents you from hitting the orc wizard.
The orc wizard is severely wounded.
The orc wizard gestures at you while chanting.
The puff of flame hits you.
You miss the orc wizard.
The orc wizard is severely wounded.
The orc wizard hits you with a +0 dagger.
You closely miss the orc wizard.
The orc wizard is severely wounded.
The orc wizard hits you but does no damage.
You closely miss the orc wizard.
The orc wizard is severely wounded.
The orc wizard hits you with a +0 dagger.
You block the orc wizard's attack.
Unknown command.
You slash the orc wizard!
You kill the orc wizard!
Your Fighting skill increases to level 5!
Things that are here:
a +0 dagger; a +0 robe Setting a skill training target for Throwing at 12.0.
Unknown command.
Key pressed, stopping explore.
An ogre comes into view. It is wielding a +0 giant club.
An ogre is nearby!
An ogre is nearby!
An ogre is nearby!
The ogre shouts!
Your plate armour prevents you from hitting the ogre.
The ogre hits you with a +0 giant club!
You slash the ogre!
The ogre is heavily wounded.
The ogre hits you with a +0 giant club!
You hit the ogre.
The ogre is severely wounded.
The ogre hits you with a +0 giant club!!
You die...

. . ..#.#.# .
....#.. .
....... #
.......## .
##.......####
.#...........##
..... #..O....#
..... #.@...# .
#..###.....#
..#..........#
......)).....#
####)...)....#
.......).....#
.#.#..)).....#
# #...<.#.###
#.....#####


You could see an ogre.

Vanquished Creatures
  The ghost of coolguy420 the Conjurer, an amateur DECj (D:3)
  3 ogres
  A phantom (D:5)
  4 wights (D:6)
  A howler monkey (D:6)
  A bullfrog zombie (D:5)
  A jelly (D:4)
  A hound (D:3)
  2 orc priests (D:4)
  3 orc wizards (D:6)
  An iguana (D:6)
  A hound skeleton (D:4)
  11 gnolls
  7 adders
  A white imp (D:6)
  An adder skeleton (D:4)
  An adder zombie (D:5)
  A worm (D:2)
  2 dart slugs (D:2)
  11 orcs
  6 endoplasms
  4 giant cockroaches
  2 goblins
  3 hobgoblins
  A quokka (D:3)
  5 ball pythons
  7 bats
  4 frilled lizards
  8 kobolds
  5 rats
100 creatures vanquished.

Notes
Turn   | Place    | Note
-------+----------+-------------------------------------------
     0 | D:1      | ytrimaz the Formicid Fighter began the quest for the Orb.
     0 | D:1      | Reached XP level 1. HP: 18/18 MP: 1/1
   449 | D:1      | Reached XP level 2. HP: 21/24 MP: 2/2
   540 | D:1      | Found a faded altar of an unknown god.
  1332 | D:2      | Reached XP level 3. HP: 24/29 MP: 3/3
  1740 | D:2      | Reached XP level 4. HP: 32/37 MP: 4/4
  1817 | D:2      | Found a radiant altar of Vehumet.
  2851 | D:2      | Reached XP level 5. HP: 42/42 MP: 5/5
  3434 | D:3      | Found a radiant altar of Vehumet.
  3520 | D:3      | Found a large runed translucent door.
  3520 | D:3      | Found a large runed translucent door.
  4191 | D:3      | Noticed coolguy420's ghost (amateur DECj)
  4206 | D:3      | Killed coolguy420's ghost
  4207 | D:3      | Reached skill level 1 in Throwing
  4207 | D:3      | Reached XP level 6. HP: 24/48 MP: 6/6
  4555 | D:4      | Reached skill level 5 in Armour
  4589 | D:4      | Noticed an ogre
  4616 | D:4      | Killed an ogre
  4617 | D:4      | Reached XP level 7. HP: 31/54 MP: 7/7
  4768 | D:4      | Reached skill level 5 in Axes
  4846 | D:4      | Found a hazy altar of Hepliaklqana.
  4894 | D:4      | Found a white marble altar of Elyvilon.
  5434 | D:5      | Entered Level 5 of the Dungeon
  5500 | D:5      | Reached XP level 8. HP: 34/61 MP: 8/8
  5774 | D:5      | Identified a scroll of acquirement
  5774 | D:5      | Acquired a +0 tower shield of protection
  6447 | D:6      | Reached skill level 5 in Fighting
  6599 | D:6      | Mangled by an ogre

Illustrated notes

Levels and vault maps discovered:
D:1:      minmay_arrival_cross, layout_rooms,
          chequers_ecumenical_altar_simple_redux, lemuel_flame_loot_1
D:2:      layout_basic, basic_altar, grunt_ministairs_2
D:3:      layout_basic, mainiacjoe_overflow_brackets,
          ebering_ghost_disaster_area
D:4:      layout_gridville, nicolae_elyvilon_peaceful_grove,
          mainiacjoe_overflow_paths
D:5:      layout_rooms
D:6:      layout_cave_pools, makhleb_heckhound_becter, minmay_temple_entry_glass

Skill      XL: |  1  2  3  4  5  6  7  8 |
---------------+-------------------------+-----
Shields        | 4 |  4.6
Axes           | 3 4 5 6 |  6.6
Armour         | 4 5 6 |  6.3
Fighting       | 4 5 |  5.0
Throwing       | 1 2 3 |  3.1

Action                   |  1- 3 |  4- 6 |  7- 9 || total
-------------------------+-------+-------+-------++-------
Melee: War axe           |    72 |    97 |       ||   169
       Broad axe         |       |    17 |   107 ||   124
Throw: Boomerang         |       |     2 |    27 ||    29
  Use: Scroll            |     3 |     3 |     7 ||    13
       Potion            |       |     1 |       ||     1
Armor: Scale mail        |    45 |    69 |    27 ||   141
       Plate armour      |       |       |    24 ||    24
Dodge: Dodged            |    44 |    74 |    42 ||   160
Block: Buckler           |    17 |    30 |    26 ||    73

Table legend: (Time is in decaauts)
 A = Elapsed time spent in this place.
 B = Non-inter-level travel time spent in this place.
 C = Inter-level travel time spent in this place.
 D = Time resting spent in this place.
 E = Time spent auto-exploring this place.
 F = Levels seen in this place.
 G = Mean time per level.
                   A        B        C        D        E       F      G
               +--------+--------+--------+--------+--------+-----+--------+
         Total |   6711 |   6428 |    283 |   1435 |   3843 |   6 | 1118.5 |
       Dungeon |   6711 |   6428 |    283 |   1435 |   3843 |   6 | 1118.5 |
               +--------+--------+--------+--------+--------+-----+--------+

Top non-repeatable levels by time:
     D:1: 2013 daAuts
     D:2: 1431 daAuts
     D:4: 1085 daAuts
     D:3: 989 daAuts
     D:5: 863 daAuts
     D:6: 327 daAuts
